 Dungeon Sprint DCSS version 0.19.3-4-gbf9329e (webtiles) character file.

220 Groucho the Fighter (level 8, -4/81 HPs)
             Began as a Minotaur Fighter on Jan 29, 2017.
             Was a High Priest of Qazlal.
             Slain by a seven-headed hydra (11 damage)
             ... summoned by a witch
             ... in the Dungeon (Sprint VI: "Thunderdome").
             The game lasted 00:03:43 (564 turns).

Groucho the Fighter (Minotaur Fighter)               Turns: 564, Time: 00:03:43

Health: -4/81      AC: 10    Str: 26    XL:     8   Next: 53%
Magic:  13/13      EV:  9    Int:  3    God:    Qazlal [*****.]
Gold:   75         SH: 19    Dex:  7    Spells: 0 memorised, 7 levels left

rFire  . . .     SeeInvis +     a - +0 war axe
rCold  . . .     Gourm    .     b - +0 scale mail
rNeg   . . .     Faith    .     c - +0 shield
rPois  .         Spirit   .     (helmet restricted)
rElec  +         Reflect  .     (no cloak)
rCorr  .         Harm     .     (no gloves)
MR     +....     NoTele   +     (no boots)
Stlth  ..........               (no amulet)
                                (no ring)
                                j - ring "Nuapp" {rElec MR+ Str+4 SInv}

@: protected from physical damage, repel missiles
A: retaliatory headbutt, horns 2, icy blue scales 1, clumsy 2, deformed body,
dopey 1, no device heal 1
a: Upheaval, Elemental Force, Disaster Area, Renounce Religion


You were in the Dungeon.
You worshipped Qazlal.
Qazlal was extremely pleased with you.
You were not hungry.

You visited 1 branch You collected 600 gold pieces.
You spent 525 gold pieces at shops.

Inventory:

Hand Weapons
 a - a +0 war axe (weapon)
Armour
 b - a +0 scale mail (worn)
 c - a +0 shield (worn)
Jewellery
 j - the ring "Nuapp" (left hand) {rElec MR+ Str+4 SInv}
   (You bought it in a shop in the Dungeon)

   [ring of see invisible]

   It affects your strength (+4).
   It insulates you from electricity.
   It affects your resistance to hostile enchantments.
   It lets you see invisible.
 q - the amulet "Feacwuna" {+Rage SInv}
   (You bought it in a shop in the Dungeon)

   [amulet of rage]

   It lets you see invisible.
   It lets you go berserk.
 r - the amulet of Puogh {Spirit MR+ Str-5 Dex+2}
   (You bought it in a shop in the Dungeon)

   [amulet of guardian spirit]

   It causes incoming damage to be split between your health and magic.
   It affects your strength (-5).
   It affects your dexterity (+2).
   It affects your resistance to hostile enchantments.
 s - the ring of Limyef {Fire +Inv MR+ SInv}
   (You bought it in a shop in the Dungeon)

   [ring of fire]

   It enhances your fire magic.
   It protects you from fire.
   It makes you vulnerable to cold.
   It affects your resistance to hostile enchantments.
   It lets you see invisible.
   It lets you turn invisible.
Wands
 e - a wand of random effects (24/48)
 l - a wand of acid (5/15)
 m - a wand of iceblast (5/15)
Scrolls
 k - 4 scrolls of blinking
 n - 3 scrolls of fog
 p - a scroll of identify
Potions
 d - a potion of might
 h - a potion of haste
 i - 2 potions of magic
 o - a potion of resistance
Comestibles
 f - a bread ration


   Skills:
 + Level 10.8 Fighting
 + Level 10.5 Axes
 + Level 10.8 Armour
 + Level 10.8 Shields
 + Level 8.5 Invocations


You had 7 spell levels left.
You didn't know any spells.

Dungeon Overview and Level Annotations

Branches:
Dungeon (1/1)

Altars:
Cheibriados
Dithmenos
Fedhas
Gozag
Kikubaaqudgha
Makhleb
Okawaru
Qazlal
Ru
Sif Muna
Trog
Uskayaw
Vehumet
Xom
Yredelemnul
Zin
The Shining One
Beogh
Jiyva
Lugonu

Shops:
D *[%??*?*:[((!!!!


Innate Abilities, Weirdness & Mutations

You reflexively headbutt those who attack you in melee.
You have a pair of horns on your head.
You are partially covered in icy blue scales. (AC +2)
You are very clumsy. (Dex -4)
Armour fits poorly on your strangely shaped body.
You are dopey. (Int -2)
Potions and wands are less effective at restoring your health.


Message History

The seven-headed hydra barely misses you.
The seven-headed hydra bites you!
* * * LOW HITPOINT WARNING * * *
You feel more protected from physical attacks.
The seven-headed hydra bites you but does no damage.
You block the seven-headed hydra's attack.
Unknown command.
Unknown command.
You miss the witch. Your headbutt misses the witch.
The witch is severely wounded.
You hit the seven-headed hydra.
The witch disappears!
The seven-headed hydra is engulfed in roaring flames.
The seven-headed hydra bites you but does no damage. x2
The seven-headed hydra bites you.
* * * LOW HITPOINT WARNING * * *
You block the seven-headed hydra's attack.
The seven-headed hydra bites you.
* * * LOW HITPOINT WARNING * * *
The seven-headed hydra bites you!
You die...

#_...[..._# ###.........###
#⌠...........⌠#
######.8.........8.#####
##∩.__......###......_._∩
###∩........8.# #.8........
##.......§§....###..........
#⌠.......÷.§###...###.......
#⌠........D@# #.<.# #.......
#⌠.......§.§###...###..†.)..
##........§.§..###..........
###∩........8.# #.8........
##∩__.......###......_._∩
######D8.........8.#####
#⌠...........⌠#
###.........### #_......._#


You could see an eight-headed hydra and a seven-headed hydra.

Vanquished Creatures
  Sigmund (D)
  A fire elemental (D)
  A fire bat (D)
  6 neqoxecs (D)
  A water moccasin (D)
  A mottled dragon (D)
  An ogre (D)
  3 adders (D)
  2 ball pythons (D)
  A giant cockroach (D)
  3 bats (D)
21 creatures vanquished.

Notes
Turn   | Place    | Note
-------+----------+-------------------------------------------
     0 | D        | Groucho the Minotaur Fighter began the quest for the Orb.
     0 | D        | Reached XP level 1. HP: 19/19 MP: 0/0
     1 | D        | Found an opulent altar of Gozag.
     1 | D        | Found a stormy altar of Qazlal.
     2 | D        | Found a sacrificial altar of Ru.
     2 | D        | Found a glowing golden altar of the Shining One.
     3 | D        | Found a blossoming altar of Fedhas.
     3 | D        | Found a deep blue altar of Sif Muna.
     4 | D        | Found a radiant altar of Vehumet.
     4 | D        | Found a snail-covered altar of Cheibriados.
     4 | D        | Found Waonitzi's Magic Scroll Shop.
     4 | D        | Found Fascheask's Staff Store.
     5 | D        | Found Metappoc's Magic Scroll Shop.
     5 | D        | Found Joylais's Must-Have Magic.
     5 | D        | Round 1.
     8 | D        | Noticed Sigmund
    11 | D        | Became a worshipper of Qazlal Stormbringer
    27 | D        | Killed Sigmund
    27 | D        | Reached skill level 5 in Axes
    27 | D        | Reached XP level 2. HP: 31/31 MP: 0/4
    27 | D        | Reached XP level 3. HP: 38/38 MP: 0/5
    27 | D        | Reached XP level 4. HP: 45/45 MP: 0/6
    27 | D        | Reached XP level 5. HP: 51/51 MP: 0/7
    72 | D        | Found a corrupted altar of Lugonu.
    90 | D        | Found Fuck's Bee Food.
    90 | D        | Found Lueciva's Jewellery.
    91 | D        | Found Ymuarr's Advanced Armour.
    92 | D        | Reached * piety under Qazlal
    98 | D        | Found Zumeoliwy's Identification Station.
    98 | D        | Found a shadowy altar of Dithmenos.
    98 | D        | Found a shimmering altar of Xom.
   106 | D        | Bought 3 scrolls of identify for 150 gold pieces
   114 | D        | Bought a clouded lapis lazuli ring for 45 gold pieces
   114 | D        | Identified the cursed ring of Zin's Outrage {rElec Int-3 Slay-5 Stlth+} (You bought it in a shop in the Dungeon)
   119 | D        | Found a basalt altar of Yredelemnul.
   120 | D        | Found an iron altar of Okawaru.
   121 | D        | Found a roughly hewn altar of Beogh.
   122 | D        | Found Valiy's Premium Goods.
   123 | D        | Found Nomneebb's Miscellaneous Merchandise.
   123 | D        | Found Zapsal's Basic Armour.
   124 | D        | Found a bloodstained altar of Trog.
   124 | D        | Found a burning altar of Makhleb.
   124 | D        | Found a hide-covered altar of Uskayaw.
   124 | D        | Found Fip Wez's Weapon Rack.
   128 | D        | Found an ancient bone altar of Kikubaaqudgha.
   130 | D        | Found a viscous altar of Jiyva.
   131 | D        | Found Vezajets's Do-It-Yourself Clinic.
   132 | D        | Found Mahaedghu's Bottled Wisdom.
   132 | D        | Found Enkel's Distillery.
   132 | D        | Found a glowing silver altar of Zin.
   132 | D        | Found Cigruag's Distillery.
   133 | D        | Noticed an ogre
   140 | D        | Killed an ogre
   140 | D        | Arena points: 14 (+14) [x2]
   140 | D        | Reached skill level 5 in Invocations
   184 | D        | Round 2.
   190 | D        | Reached ** piety under Qazlal
   197 | D        | Reached *** piety under Qazlal
   204 | D        | Noticed a water moccasin
   215 | D        | Killed a water moccasin
   215 | D        | Arena points: 56 (+42) [x3]
   215 | D        | Reached XP level 6. HP: 42/62 MP: 7/9
   248 | D        | Round 3.
   259 | D        | Noticed a neqoxec
   269 | D        | Gained mutation: Armour fits poorly on your strangely shaped body. [a neqoxec]
   273 | D        | Killed a neqoxec
   334 | D        | Noticed a neqoxec
   338 | D        | Gained mutation: You are dopey. (Int -2) [a neqoxec]
   340 | D        | Killed a neqoxec
   340 | D        | Reached XP level 7. HP: 38/70 MP: 9/11
   351 | D        | Noticed a neqoxec
   362 | D        | Gained mutation: You are clumsy. (Dex -2) [a neqoxec]
   363 | D        | Killed a neqoxec
   363 | D        | Reached **** piety under Qazlal
   388 | D        | Noticed a neqoxec
   389 | D        | Noticed a neqoxec
   391 | D        | Noticed a neqoxec
   400 | D        | Killed a neqoxec
   407 | D        | Killed a neqoxec
   407 | D        | Reached skill level 10 in Fighting
   407 | D        | Reached skill level 10 in Armour
   407 | D        | Reached skill level 10 in Shields
   407 | D        | Reached XP level 8. HP: 16/79 MP: 12/12
   420 | D        | Gained mutation: You are partially covered in icy blue scales. (AC +2) [a neqoxec]
   421 | D        | Gained mutation: Potions and wands are less effective at restoring your health. [a neqoxec]
   437 | D        | Gained mutation: You are very clumsy. (Dex -4) [a neqoxec]
   444 | D        | Reached ***** piety under Qazlal
   444 | D        | Arena points: 140 (+84) [x4]
   444 | D        | Reached skill level 10 in Axes
   455 | D        | Bought a fine steel ring for 45 gold pieces
   455 | D        | Bought a transparent brass ring for 45 gold pieces
   455 | D        | Identified the ring "Nuapp" {rElec MR+ Str+4 SInv} (You bought it in a shop in the Dungeon)
   456 | D        | Identified the ring of Limyef {Fire +Inv MR+ SInv} (You bought it in a shop in the Dungeon)
   466 | D        | Round 4.
   525 | D        | Arena points: 220 (+80) [x5]
   534 | D        | Bought 3 scrolls of identify for 150 gold pieces
   540 | D        | Round 5.
   542 | D        | Bought a translucent garnet amulet for 45 gold pieces
   542 | D        | Bought a transparent golden amulet for 45 gold pieces
   543 | D        | Identified the amulet "Feacwuna" {+Rage SInv} (You bought it in a shop in the Dungeon)
   544 | D        | Identified the amulet of Puogh {Spirit MR+ Str-5 Dex+2} (You bought it in a shop in the Dungeon)
   551 | D        | Noticed a witch
   558 | D        | Noticed a seven-headed hydra
   562 | D        | Noticed an eight-headed hydra
   564 | D        | Slain by a seven-headed hydra

Skill      XL: |  1  2  3  4  5  6  7  8 |
---------------+-------------------------+-----
Fighting       | 6 8 9 10 | 10.8
Axes           | 5 7 8 9 10 | 10.5
Armour         | 6 8 9 10 | 10.8
Shields        | 6 8 9 10 | 10.8
Invocations    | 4 6 7 8 |  8.5

Action                   |  1- 3 |  4- 6 |  7- 9 || total
-------------------------+-------+-------+-------++-------
Melee: War axe           |     9 |    36 |    78 ||   123
       Headbutt          |     3 |     8 |     7 ||    18
  Use: Potion            |     2 |     2 |     6 ||    10
       Scroll            |       |     1 |     4 ||     5
Armor: Scale mail        |     1 |     6 |    51 ||    58
Dodge: Dodged            |     3 |     6 |    30 ||    39
Block: Shield            |       |    19 |    99 ||   118
